 Dungeon Crawl Stone Soup version 0.18.1-50-g88ac8fd (webtiles) character file.

329 magog001 the Skirmisher (level 6, -1/52 HPs)
             Began as a Centaur Fighter on Sept 4, 2017.
             Slain by a wight
             ... wielding a cursed +3 morningstar of freezing
              (5 damage)
             ... on level 3 of the Dungeon.
             The game lasted 00:20:02 (3363 turns).

magog001 the Skirmisher (Centaur Fighter)           Turns: 3363, Time: 00:20:02

Health: -1/52      AC: 11    Str: 20    XL:     6   Next: 25%
Magic:  6/6        EV:  4    Int:  7    God:
Gold:   207        SH:  7    Dex:  9    Spells: 0 memorised, 5 levels left

rFire  . . .     SeeInvis .     x - -3 short sword (curse)
rCold  . . .     Gourm    .     b - +0 scale mail
rNeg   . . .     Faith    .     c - +0 shield
rPois  +         Spirit   .     (no helmet)
rElec  .         Dismiss  .     k - +1 cloak
rCorr  .         Reflect  .     z - +2 pair of gloves
SustAt .         Harm     .     (no barding)
MR     .....                    q - amulet of regeneration
Stlth  ..........               w - ring of poison resistance
                                m - ring of flight

@: very heavily drained, very quick, not resistant to hostile enchantments,
extremely unstealthy
A: hooves 3, deformed body, speed 2, tough skin 3
a: Evoke Flight


You were on level 3 of the Dungeon.
You were not hungry.

You visited 1 branch of the dungeon, and saw 4 of its levels.
You also visited: Sewer.

You collected 207 gold pieces.

Inventory:

Hand Weapons
 a - a +0 war axe
 x - a cursed -3 short sword (weapon)
Missiles
 e - 5 tomahawks (quivered)
Armour
 b - a +0 scale mail (worn)
 c - a +0 shield (worn)
 k - a +1 cloak (worn)
 z - a +2 pair of gloves (worn)
Jewellery
 m - a ring of flight (left hand)
 q - an amulet of regeneration (around neck)
 w - a ring of poison resistance (right hand)
Wands
 y - a wand of paralysis (14/24)
Potions
 h - 2 potions of flight
 j - a potion of curing {unknown}
 l - a potion of brilliance {unknown}
 n - a potion of lignification
 u - a potion of berserk rage {unknown}
Comestibles
 d - 2 chunks of flesh
 f - 3 bread rations
 g - 2 meat rations


   Skills:
 * Level 3.7(0.1) Fighting
 + Level 2.3(0.0) Axes
 * Level 1.8(0.0) Throwing
 * Level 3.3(0.0) Armour
 + Level 0.3(0.0) Stealth
 * Level 3.7(0.2) Shields


You had 5 spell levels left.
You didn't know any spells.

Dungeon Overview and Level Annotations

Branches:
Dungeon (4/15)
 Temple: D:4-7

Altars:


Innate Abilities, Weirdness & Mutations

You have hooves in place of feet.
Armour fits poorly on your strangely shaped body.
You cover ground very quickly.
You have extremely tough skin (AC +3).


Message History

The wight hits you with a morningstar of freezing.
You feel drained. The wight freezes you.
You closely miss the wight. You kick the wight, but do no damage.
The wight is lightly damaged.
You block the wight's attack.
You hit the wight but do no damage. Your kick misses the wight.
The wight is lightly damaged.
The wight hits you with a morningstar of freezing!
You feel drained. The wight freezes you!
You hit the wight but do no damage. You kick the wight.
The wight is heavily damaged.
The wight hits you with a morningstar of freezing.
The wight freezes you.
* * * LOW HITPOINT WARNING * * *
You hit the wight but do no damage. You kick the wight, but do no damage.
The wight is heavily damaged.
The wight hits you with a morningstar of freezing!
* * * LOW HITPOINT WARNING * * *
You feel drained.
You die...

................P.♣♣
♣.♣.P.......
...#....#...(....♣♣
♣♣♣P.##..(#.
........#####.....♣♣
♣♣PPP....##. .......##
#....P.♣♣♣P.P.###.###
.#.#..##
#...P♣PP♣♣.P.####.#
.#.#..#
#...#.(.PP♣..##...#
...#..#
##.##.P.PPP.###.###
.###..# #....#....##
#.##### ......#
###@####### #.##...
############## #z#######
#.##.## #......#
#.......# #......
####.####.###..####.#
####.#.
#.......#.##...## #.#
#.##
#.##..#.#.#.....###.###
#.##
#.#...#.#>z......##...#
#...
##.#.#.#.#.........###.#
####
#........##.......## #.#


You could see a wight.

Vanquished Creatures
  A big kobold (Sewer)
  A wight (D:3)
  A jelly (D:3)
  A hound (D:3)
  A worker ant (D:3)
  A hound skeleton (D:3)
  3 gnolls (D:2)
  3 adders (D:3)
  A worm (D:3)
  2 dart slugs
  A giant gecko (D:3)
  4 giant cockroaches
  2 hobgoblins (D:1)
  4 jackals
  8 kobolds
  2 quokkas (D:2)
  A ball python (D:2)
  10 bats
  4 giant newts
  7 goblins
  11 rats
69 creatures vanquished.

Notes
Turn   | Place    | Note
--------------------------------------------------------------
     0 | D:1      | magog001 the Centaur Fighter began the quest for the Orb.
     0 | D:1      | Reached XP level 1. HP: 19/19 MP: 1/1
   216 | D:1      | Reached XP level 2. HP: 15/26 MP: 2/2
  1119 | D:2      | Reached XP level 3. HP: 26/31 MP: 3/3
  1595 | D:2      | Reached XP level 4. HP: 38/38 MP: 4/4
  2248 | D:3      | Found a glowing drain.
  2252 | Sewer    | Entered a sewer
  2327 | Sewer    | Noticed a big kobold
  2380 | Sewer    | Killed a big kobold
  2380 | Sewer    | Reached skill level 1 in Throwing
  2380 | Sewer    | Reached XP level 5. HP: 35/45 MP: 5/5
  2438 | Sewer    | Found a glowing silver altar of Zin.
  3232 | D:3      | Reached XP level 6. HP: 34/52 MP: 6/6
  3363 | D:3      | Slain by a wight

Skill      XL: |  1  2  3  4 |
---------------+-------------+-----
Axes           | 2 |  2.3
Shields        | 3 |  3.7
Throwing       | 1 |  1.8
Armour         | 3 |  3.3
Fighting       | |  3.7
Stealth        | |  0.3

Action                   |  1- 3 |  4- 6 || total
-------------------------+-------+-------++-------
Melee: War axe           |   125 |   103 ||   228
       Kick              |    22 |    45 ||    67
       Short sword       |       |    77 ||    77
Throw: Tomahawk          |     3 |       ||     3
  Use: Scroll            |       |     8 ||     8
       Potion            |       |     7 ||     7
  Eat: Chunk             |     1 |     4 ||     5
       Royal jelly       |       |     1 ||     1
Armor: Scale mail        |    72 |    97 ||   169
       Skin              |       |     3 ||     3
Dodge: Dodged            |    30 |    34 ||    64
Block: Shield            |    69 |    87 ||   156
